 Dungeon Crawl Stone Soup version 0.27.0-1-g7a089689b8 (webtiles) character file.

Game seed: 10880816757630542716

14 Spectrina the Sneak (level 2, 0/18 HPs)
             Began as a Deep Elf Monk on Aug 12, 2021.
             Slain by a ball python (1 damage)
             ... on level 3 of the Dungeon.
             The game lasted 00:02:31 (329 turns).

Spectrina the Sneak (Deep Elf Monk)                  Turns: 329, Time: 00:02:32

Health: 0/18       AC:  2    Str:  8    XL:     2   Next: 27%
Magic:  4/4        EV: 10    Int: 14    God:
Gold:   23         SH:  0    Dex: 17    Spells: 1/1 levels left

rFire    . . .     SeeInvis .   h - +0 long sword
rCold    + . .     Faith    .   (no shield)
rNeg     . . .     Spirit   .   b - +0 robe
rPois    .         Reflect  .   (no helmet)
rElec    .         Harm     .   (no cloak)
rCorr    .         Rampage  .   (no gloves)
Will     .....                  (no boots)
Stlth    +++.......             (no amulet)
HPRegen  0.06/turn              g - ring of protection from cold
MPRegen  0.09/turn              (no ring)

@: constricted
A: no striking features
a: no special abilities


You were on level 3 of the Dungeon.
You visited 1 branch of the dungeon, and saw 3 of its levels.

You collected 23 gold pieces.

Inventory:

Hand Weapons
 a - a +0 short sword
 c - a +0 dagger
 d - a +0 arbalest
 h - a +0 long sword (weapon)
Missiles
 f - 4 stones (quivered)
 j - 23 sling bullets
Armour
 b - a +0 robe (worn)
 e - a +0 kite shield
Jewellery
 g - a ring of protection from cold (left hand)
Scrolls
 i - a scroll of immolation {unknown}
 k - a scroll of magic mapping {unknown}


   Skills:
 - Level 2.4 Fighting
 - Level 3.0 Short Blades
 - Level 3.6 Dodging
 + Level 3.8 Stealth


You had one spell level left.
You didn't know any spells.
Your spell library was empty.

Dungeon Overview and Level Annotations

Branches:
Dungeon (3/15)

Altars:


Message History

You closely miss the kobold.
The kobold is severely wounded.
The kobold hits you with a +0 short sword.
You hit the kobold.
You kill the kobold!
Things that are here:
a +0 short sword; a +0 robe; a kobold corpse
i - a scroll labelled EBYEVIDEYM
There are no items here.
Found a scroll labelled OSUTSO ZOEMM.
A giant cockroach comes into view.
You see here 23 sling bullets.
j - 23 sling bullets The giant cockroach waves its antennae.
You see here a scroll labelled OSUTSO ZOEMM.
k - a scroll labelled OSUTSO ZOEMM Unknown command.
You closely miss the giant cockroach. The giant cockroach bites you.
You hit the giant cockroach.
You kill the giant cockroach!
You see here a giant cockroach corpse.
There is a stone staircase leading down here.
Okay, then.
You climb downwards.
There is a stone staircase leading up here.
A ball python comes into view.
The ball python hisses angrily.
The ball python barely misses you. The ball python grabs you.
The ball python constricts you.
Unknown command.
You barely miss the ball python. The ball python bites you.
The ball python constricts you. The ball python bites you.
* * * LOW HITPOINT WARNING * * *
x2 The ball python constricts you.
You hit the ball python.
The ball python is moderately wounded.
The ball python bites you.
* * * LOW HITPOINT WARNING * * *
x2 The ball python constricts you.
The ball python bites you.
You die...

## .. .# ###.#
##.#####...#.#
......S@.....#
.##.####.###.#
#<# #.# #.#
#.. ###


You could see a ball python.

Vanquished Creatures
  A bat (D:1)
  A giant cockroach (D:2)
  2 goblins (D:1)
  3 hobgoblins
  2 frilled lizards
  2 kobolds (D:2)
  2 rats (D:1)
13 creatures vanquished.

Notes
Turn   | Place    | Note
-------+----------+-------------------------------------------
     0 | D:1      | Spectrina the Deep Elf Monk began the quest for the Orb.
     0 | D:1      | Reached XP level 1. HP: 13/13 MP: 3/3
   209 | D:1      | Reached XP level 2. HP: 18/18 MP: 4/4
   329 | D:3      | Slain by a ball python

Illustrated notes

Levels and vault maps discovered:
D:1:      elethiomel_arrival_infinity_welcomes_careful_drivers, layout_basic
D:2:      layout_rooms, minmay_tromino_v4_a, uniq_robin, uniq_crazy_yiuf_cottage
D:3:      minmay_spotlight, layout_loops_ring, kennysheep_minor_cross,
          uniq_jessica

Skill      XL: |  1 |
---------------+----+-----
Stealth        | 3 |  3.8
Fighting       | |  2.4
Short Blades   | |  3.0
Dodging        | |  3.6

Action                   || total
-------------------------++-------
Melee: Short sword       ||    34
       Long sword        ||    10
Throw: Stone             ||     2
 Stab: Sleeping          ||     3
Armor: Robe              ||     4
Dodge: Dodged            ||    25
       Rpst.: Long sword ||     1
